 Dungeon Crawl Stone Soup version 0.20-a0-38-g7d30548 (webtiles) character file.

101 Demogavin the Slasher (level 4, 0/35 HPs)
             Began as a Demonspawn Chaos Knight on Nov 10, 2016.
             Slain by a scorpion (5 damage)
             ... on level 5 of the Dungeon.
             The game lasted 00:11:02 (2015 turns).

Demogavin the Slasher (Demonspawn Chaos Knight)     Turns: 2015, Time: 00:11:02

Health: 0/35       AC:  7    Str: 13    XL:     4   Next: 48%
Magic:  2/4        EV: 10    Int: 13    God:    Xom [...*..]
Gold:   102        SH:  0    Dex: 13    Spells: 1 memorised, 2 levels left

rFire  . . .     SeeInvis .     l - +0 hunting sling (curse)
rCold  . . .     Gourm    .     g - +0 ring mail
rNeg   . . .     Faith    .     (no shield)
rPois  .         Spirit   .     (no helmet)
rElec  .         Reflect  .     (no cloak)
rCorr  .         Harm     .     (no gloves)
MR     .....                    (no boots)
Stlth  +.........               (no amulet)
                                (no ring)
                                (no ring)

@: lethally poisoned (0 -> -20), very slightly contaminated
A: talons 1, molten scales 1
a: Renounce Religion


You were on level 5 of the Dungeon.
You worshipped Xom.
You were a favourite toy of Xom.
You were full.

You visited 1 branch of the dungeon, and saw 5 of its levels.

You collected 102 gold pieces.

Inventory:

Hand Weapons
 a - a +0 falchion of chaos
 b - a +1 dagger of venom
 l - a cursed +0 hunting sling (weapon)
 m - a +3 club of chaos
Missiles
 e - 29 stones (quivered)
 j - 7 exploding tomahawks
Armour
 g - a +0 ring mail (worn)
Jewellery
 i - an uncursed amulet of inaccuracy
 k - a +4 ring of intelligence
Scrolls
 d - 2 scrolls of recharging
Books
 h - Vehumet's Collected Works on Confrontation
   (You found it on level 2 of the Dungeon)

   Spells                             Type                      Level
   a - Magic Dart                     Conjuration                  1
Comestibles
 c - a bread ration
 f - a meat ration


   Skills:
 + Level 3.4 Fighting
 + Level 3.6 Long Blades
 + Level 0.3 Slings
 + Level 2.4 Armour
 + Level 1.3 Dodging
 + Level 1.2 Stealth
 + Level 0.1 Spellcasting


You had 2 spell levels left.
You knew the following spells:

 Your Spells              Type           Power        Failure   Level  Hunger
a - Magic Dart            Conj           #...         67%         1    ##.....


Dungeon Overview and Level Annotations

Branches:
Dungeon (5/15)
 Temple: D:4-7

Altars:
Kikubaaqudgha
Sif Muna
Vehumet


Innate Abilities, Weirdness & Mutations

You have sharp toenails.
You are partially covered in molten scales. (AC +2)


Message History

You are lethally poisoned!
The scorpion poisons you!
Really attack while wielding your cursed +0 hunting sling?
You closely miss the scorpion.
The scorpion is severely wounded.
You feel very sick. The scorpion stings you!
* * * LOW HITPOINT WARNING * * *
The scorpion completely misses you.
* * * LOW HITPOINT WARNING * * *
You feel sick.
Firing (i - inventory. (,) - cycle):
e - 30 stones (quivered)
Press: ? - help, Shift-Dir - straight line, f/p - scorpion
Aim: a scorpion (severely wounded)
You shoot a stone.
The stone hits the scorpion but does no damage.
The scorpion is severely wounded.
* * * LOW HITPOINT WARNING * * *
You feel sick. The scorpion stings you.
You die...

#....#...# #...##'#.##
#...#..#..# #...#..#..#
#.#.##'##..####
#.##.'..)#....(###+#.+
#.. #.#...####........#
#.
#..###+#..##(#..########
#. ##..
#@sK.)####..#...# #..
####.((..'.))...# #..#
#..#..######+# #..#
####### #...


You could see a scorpion and a kobold.

Vanquished Creatures
  A hound (D:4)
  2 gnolls
  An adder (D:4)
  5 orcs
  2 giant cockroaches (D:1)
  6 goblins
  7 hobgoblins
  2 jackals (D:1)
  4 bats
  A frilled lizard (D:2)
  5 kobolds
  2 rats
38 creatures vanquished.

Notes
Turn   | Place    | Note
-------+----------+-------------------------------------------
     0 | D:1      | Demogavin the Demonspawn Chaos Knight began the quest for the Orb.
     0 | D:1      | Reached XP level 1. HP: 18/18 MP: 1/1
   159 | D:1      | XOM: divination: magic mapping
   463 | D:1      | XOM is BORED!
   463 | D:1      | XOM: mild Summ miscast
   550 | D:1      | XOM: harmless Summ miscast
   560 | D:1      | XOM: cast spell 'Cause Fear'
   578 | D:1      | Reached skill level 1 in Dodging
   578 | D:1      | Gained mutation: You have sharp toenails. [demonic ancestry]
   578 | D:1      | Reached XP level 2. HP: 10/24 MP: 2/2
   715 | D:1      | XOM: divination: magic mapping
   926 | D:1      | XOM: polymorph jackal -> bat
  1012 | D:2      | Reached XP level 3. HP: 27/29 MP: 3/3
  1017 | D:2      | Reached skill level 1 in Stealth
  1194 | D:2      | Found a deep blue altar of Sif Muna.
  1195 | D:2      | Found an ancient bone altar of Kikubaaqudgha.
  1195 | D:2      | Found a radiant altar of Vehumet.
  1206 | D:2      | Identified Vehumet's Collected Works on Confrontation
  1212 | D:2      | Learned a level 1 spell: Magic Dart
  1239 | D:2      | XOM: medium Air miscast
  1384 | D:4      | XOM: chaos upgrade
  1406 | D:4      | XOM: polymorph orc wizard -> hound
  1453 | D:4      | Gained mutation: You are partially covered in molten scales. (AC +2) [demonic ancestry]
  1453 | D:4      | Reached XP level 4. HP: 26/35 MP: 4/4
  1484 | D:5      | Entered Level 5 of the Dungeon
  2006 | D:5      | HP: 1/35 [scorpion (5)]
  2015 | D:5      | Slain by a scorpion

Vault maps used:
D:1:      dpeg_arrival_tiny_a
D:2:      grunt_temple_overflow_magic_moments, grunt_qazlal_clouds
D:3:      uniq_grinder, uniq_terence, uniq_crazy_yiuf_cottage
D:5:      corexii_shantytown, good_gods_mini_temple, first_bread,
          kennysheep_slug_shrine

Skill      XL: |  1  2  3 |
---------------+----------+-----
Armour         | 2 |  2.4
Long Blades    | 3 |  3.6
Dodging        | 1 |  1.3
Stealth        | 1 |  1.2
Fighting       | |  3.4
Slings         | |  0.3
Spellcasting   | |  0.1

Action                   |  1- 3 |  4- 6 || total
-------------------------+-------+-------++-------
Melee: Falchion          |    91 |     1 ||    92
       Kick              |     9 |       ||     9
       Hunting sling     |       |     1 ||     1
 Fire: Hunting sling     |       |    38 ||    38
Throw: Stone             |     1 |       ||     1
 Cast: Magic Dart        |     3 |     1 ||     4
  Use: Scroll            |     4 |     2 ||     6
       Potion            |     2 |     1 ||     3
 Stab: Paralysed         |     3 |       ||     3
       Confused          |     1 |       ||     1
  Eat: Bread ration      |     1 |       ||     1
       Pizza             |     1 |       ||     1
       Royal jelly       |     1 |       ||     1
Armor: Ring mail         |    38 |    12 ||    50
       Leather armour    |     4 |       ||     4
Dodge: Dodged            |    62 |    22 ||    84
       Rpst.: Falchion   |    21 |       ||    21
